TOP OF THE 1ST |
Ogden Raptors batting - Pitching for Philadelphia (APP) Phillies : RHP Chad Capaldi
|
Pitching: RHP Chad Capaldi
|
|
Batting: SHB Darius Vinson
|
0-0: Ball 1-0: Called Strike 1-1: Fly out, F7 (Line Drive, 7D, EV 107.5 MPH)
|
Batting: LHB Santiago Chavira
|
0-0: Ground out 3-1 (Groundball, 34S, EV 85.0 MPH)
|
Batting: LHB Mike Dickinson
|
0-0: Called Strike 0-1: Ball 1-1: Ball 2-1: Ball 3-1: Foul Ball, location: 2F 3-2: Foul Ball, location: 2F 3-2: Base on Balls
|
Batting: LHB Mitchell Casey
|
0-0: Called Strike 0-1: Called Strike 0-2: Ball 1-2: Strikes out swinging
|
Top of the 1st over - 0 runs, 0 hits, 0 errors, 1 left on base; Ogden 0 - Philadelphia (APP) 0 |
BOTTOM OF THE 1ST |
Philadelphia (APP) Phillies batting - Pitching for Ogden Raptors : RHP Cory Fischer
|
Pitching: RHP Cory Fischer
|
|
Batting: LHB Matt Urbanek
|
0-0: Swinging Strike 0-1: SINGLE (Groundball, 4S, EV 71.3 MPH) (infield hit)
|
Batting: RHB Carlos Morejon
|
0-0: Foul Ball, location: 2F 0-1: Ball 1-1: Ball 2-1: Swinging Strike 2-2: Strikes out swinging
|
Batting: RHB Kyle Reilly
|
0-0: Called Strike 0-1: Ball 1-1: Ball 2-1: Foul Ball, location: 2F 2-2: DOUBLE (Flyball, 78XD, EV 111.9 MPH) Matt Urbanek to third
|
Batting: LHB Danny Zuniga
|
0-0: Foul Ball, location: 2F 0-1: Ball 1-1: Foul Ball, location: 2F 1-2: Foul Ball, location: 2F 1-2: Ball 2-2: Ball 3-2: Foul Ball, location: 2F 3-2: Base on Balls
|
Batting: LHB Eric Farren
|
0-0: Ball 1-0: Ball 2-0: Called Strike 2-1: Ground out 5-3 (Groundball, 56, EV 83.1 MPH) Matt Urbanek scores Kyle Reilly to third Danny Zuniga to second
|
Batting: RHB Mark Schultz
|
0-0: SINGLE (Flyball, 8LS, EV 86.3 MPH) - OUT at second base trying to stretch hit. Kyle Reilly scores Danny Zuniga scores
|
Bottom of the 1st over - 3 runs, 3 hits, 0 errors, 0 left on base; Ogden 0 - Philadelphia (APP) 3 |
TOP OF THE 2ND |
Ogden Raptors batting - Pitching for Philadelphia (APP) Phillies : RHP Chad Capaldi
|
Batting: LHB Stephen Van Raalte
|
0-0: Called Strike 0-1: Foul Ball, location: 2F 0-2: Ball 1-2: Ball 2-2: Ball 3-2: Strikes out swinging
|
Batting: RHB Kevin Ezell
|
0-0: SOLO HOME RUN (Flyball, 7LD, EV 98.8 MPH), Distance : 346 ft
|
Batting: RHB Bob Magana
|
0-0: Called Strike 0-1: DOUBLE (Line Drive, 9LM, EV 105.6 MPH)
|
Batting: RHB Luis Hinostroza
|
0-0: Ball 1-0: Ball 2-0: Ball 3-0: Called Strike 3-1: DOUBLE (Line Drive, 9LS, EV 87.5 MPH) Bob Magana scores
|
Batting: SHB Josh Vaill
|
0-0: Called Strike 0-1: Called Strike 0-2: Ball 1-2: Ball 2-2: Ball 3-2: Ground out 3-1 (Groundball, 34D, EV 86.9 MPH) Luis Hinostroza to third
|
Batting: SHB Darius Vinson
|
0-0: SINGLE (Groundball, 4MD, EV 107.5 MPH) Luis Hinostroza scores
|
Batting: LHB Santiago Chavira
|
0-0: Swinging Strike 0-1: Foul Ball, location: 2F 0-2: Strikes out swinging
|
Top of the 2nd over - 3 runs, 4 hits, 0 errors, 1 left on base; Ogden 3 - Philadelphia (APP) 3 |
BOTTOM OF THE 2ND |
Philadelphia (APP) Phillies batting - Pitching for Ogden Raptors : RHP Cory Fischer
|
Batting: RHB Vaclav Been
|
0-0: Called Strike 0-1: Ground out 3-1 (Groundball, 34S, EV 68.8 MPH)
|
Batting: LHB Josh George
|
0-0: Fly out, F3 (Line Drive, 3, EV 66.9 MPH)
|
Batting: LHB Jesse Haught
|
0-0: Ball 1-0: Ball 2-0: SOLO HOME RUN (Flyball, 7D, EV 95.0 MPH), Distance : 351 ft
|
Batting: LHB Matt Urbanek
|
0-0: Called Strike 0-1: Ball 1-1: Foul Ball, location: 2F 1-2: Foul Ball, location: 2F 1-2: Ball 2-2: Foul Ball, location: 2F 2-2: Foul Ball, location: 2F 2-2: Ground out 4-3 (Groundball, 4, EV 100.0 MPH)
|
Bottom of the 2nd over - 1 run, 1 hit, 0 errors, 0 left on base; Ogden 3 - Philadelphia (APP) 4 |
TOP OF THE 3RD |
Ogden Raptors batting - Pitching for Philadelphia (APP) Phillies : RHP Chad Capaldi
|
Batting: LHB Mike Dickinson
|
0-0: Foul Ball, location: 2F 0-1: Ball 1-1: Swinging Strike 1-2: Foul Ball, location: 2F 1-2: SINGLE (Groundball, 56D, EV 105.6 MPH)
|
Batting: LHB Mitchell Casey
|
0-0: Fly out, F7 (Flyball, 7LS, EV 96.9 MPH)
|
Batting: LHB Stephen Van Raalte
|
0-0: Foul Ball, location: 2F 0-1: Called Strike 0-2: Strikes out swinging
|
Batting: RHB Kevin Ezell
|
0-0: Called Strike 0-1: DOUBLE (Flyball, 8LXD, EV 98.1 MPH) Mike Dickinson to third
|
Batting: RHB Bob Magana
|
0-0: Ball 1-0: Ball 2-0: Ball 3-0: Called Strike 3-1: Called Strike 3-2: Foul Ball, location: 2F 3-2: Foul Ball, location: 2F 3-2: Strikes out swinging
|
Top of the 3rd over - 0 runs, 2 hits, 0 errors, 2 left on base; Ogden 3 - Philadelphia (APP) 4 |
BOTTOM OF THE 3RD |
Philadelphia (APP) Phillies batting - Pitching for Ogden Raptors : RHP Cory Fischer
|
Batting: RHB Carlos Morejon
|
0-0: Foul Ball, location: 2F 0-1: Foul Ball, location: 2F 0-2: Strikes out swinging wild pitch, reaches first!
|
Batting: RHB Kyle Reilly
|
0-0: Swinging Strike 0-1: Swinging Strike 0-2: Strikes out swinging
|
Pitching: RHP Ian Wilson
|
|
Batting: LHB Danny Zuniga
|
0-0: Ball 1-0: Ball 2-0: Called Strike 2-1: Ball 3-1: Called Strike 3-2: Base on Balls Carlos Morejon to second
|
Batting: LHB Eric Farren
|
0-0: Ball 1-0: Ball 2-0: Ball 3-0: Called Strike 3-1: Base on Balls Carlos Morejon to third Danny Zuniga to second
|
Batting: RHB Mark Schultz
|
0-0: Ball Wild Pitch! Carlos Morejon scores Danny Zuniga to third Eric Farren to second 1-0: Called Strike 1-1: DOUBLE (Line Drive, 9LM, EV 110.6 MPH) Danny Zuniga scores Eric Farren scores
|
Batting: RHB Vaclav Been
|
0-0: Ball 1-0: DOUBLE (Flyball, 7LD, EV 110.6 MPH) Mark Schultz scores
|
Batting: LHB Josh George
|
0-0: Called Strike 0-1: 2-RUN HOME RUN (Flyball, 9D, EV 98.1 MPH), Distance : 357 ft
|
Pitching: RHP Victor Delgado
|
|
Batting: LHB Jesse Haught
|
0-0: Ball 1-0: Swinging Strike 1-1: Ball 2-1: DOUBLE (Groundball, 3L, EV 106.3 MPH)
|
Batting: LHB Matt Urbanek
|
0-0: Called Strike 0-1: Ball 1-1: Ground out 5-3 (Groundball, 56, EV 92.5 MPH)
|
Batting: RHB Carlos Morejon
|
0-0: Called Strike 0-1: SINGLE (Line Drive, 34D, EV 97.5 MPH) Jesse Haught to third Runner from 3rd tries for Home, throw by RF and OUT! 9-2
|
Bottom of the 3rd over - 6 runs, 5 hits, 0 errors, 1 left on base; Ogden 3 - Philadelphia (APP) 10 |
TOP OF THE 4TH |
Ogden Raptors batting - Pitching for Philadelphia (APP) Phillies : RHP Chad Capaldi
|
Batting: RHB Luis Hinostroza
|
0-0: Ball 1-0: Swinging Strike 1-1: Swinging Strike 1-2: Strikes out swinging
|
Batting: SHB Josh Vaill
|
0-0: Ball 1-0: Ball 2-0: Called Strike 2-1: Ball 3-1: Called Strike 3-2: Foul Ball, location: 2F 3-2: Strikes out looking
|
Batting: SHB Darius Vinson
|
0-0: Swinging Strike 0-1: Swinging Strike 0-2: Ball 1-2: Ball 2-2: Ball 3-2: Strikes out swinging
|
Top of the 4th over - 0 runs, 0 hits, 0 errors, 0 left on base; Ogden 3 - Philadelphia (APP) 10 |
BOTTOM OF THE 4TH |
Philadelphia (APP) Phillies batting - Pitching for Ogden Raptors : RHP Victor Delgado
|
Batting: RHB Kyle Reilly
|
0-0: Ball 1-0: DOUBLE (Flyball, 89XD, EV 111.3 MPH)
|
Batting: LHB Danny Zuniga
|
0-0: Called Strike 0-1: Fly out, F9 (Flyball, 89D, EV 92.5 MPH) Runner from 2nd tags up, SAFE at 3rd, no throw by RF
|
Batting: LHB Eric Farren
|
0-0: Ball 1-0: DOUBLE (Flyball, 8RXD, EV 106.3 MPH) Kyle Reilly scores
|
Batting: RHB Mark Schultz
|
0-0: Swinging Strike 0-1: Swinging Strike 0-2: Ball 1-2: Strikes out swinging
|
Pitching: RHP Charles Durand
|
|
Batting: RHB Vaclav Been
|
0-0: Called Strike 0-1: Hit by Pitch
|
Batting: LHB Josh George
|
0-0: Foul Ball, location: 2F 0-1: Swinging Strike 0-2: Foul Ball, location: 2F 0-2: Strikes out looking
|
Bottom of the 4th over - 1 run, 2 hits, 0 errors, 2 left on base; Ogden 3 - Philadelphia (APP) 11 |
TOP OF THE 5TH |
Ogden Raptors batting - Pitching for Philadelphia (APP) Phillies : RHP Chad Capaldi
|
Pitching: RHP David LaBounty
|
|
Batting: LHB Santiago Chavira
|
0-0: Ball 1-0: Called Strike 1-1: Swinging Strike 1-2: Strikes out looking
|
Batting: LHB Mike Dickinson
|
0-0: Called Strike 0-1: Called Strike 0-2: Ball 1-2: Foul Ball, location: 2F 1-2: Strikes out swinging
|
Batting: LHB Mitchell Casey
|
0-0: Reached on error, E6 (Flyball, 6MD, EV 75.0 MPH)
|
Batting: LHB Stephen Van Raalte
|
0-0: Ball Wild Pitch! Mitchell Casey to second 1-0: Called Strike 1-1: Ball 2-1: Foul Ball, location: 2F 2-2: Foul Ball, location: 2F 2-2: Ball 3-2: Base on Balls
|
Batting: RHB Kevin Ezell
|
0-0: Swinging Strike 0-1: Called Strike 0-2: Ball 1-2: Foul Ball, location: 2F 1-2: Ball 2-2: Strikes out looking
|
Top of the 5th over - 0 runs, 0 hits, 1 error, 2 left on base; Ogden 3 - Philadelphia (APP) 11 |
BOTTOM OF THE 5TH |
Philadelphia (APP) Phillies batting - Pitching for Ogden Raptors : RHP Charles Durand
|
Batting: LHB Jesse Haught
|
0-0: Ball 1-0: Swinging Strike 1-1: Ball 2-1: Ball 3-1: Foul Ball, location: 2F 3-2: Strikes out swinging
|
Batting: LHB Matt Urbanek
|
0-0: DOUBLE (Groundball, 5L, EV 102.5 MPH)
|
Batting: RHB Carlos Morejon
|
0-0: Called Strike 0-1: Ball 1-1: Swinging Strike 1-2: Strikes out swinging
|
Batting: RHB Kyle Reilly
|
0-0: Called Strike 0-1: Called Strike 0-2: Ground out 6-3 (Groundball, 56D, EV 85.6 MPH)
|
Bottom of the 5th over - 0 runs, 1 hit, 0 errors, 1 left on base; Ogden 3 - Philadelphia (APP) 11 |
TOP OF THE 6TH |
Ogden Raptors batting - Pitching for Philadelphia (APP) Phillies : RHP David LaBounty
|
Batting: RHB Bob Magana
|
0-0: Ball 1-0: SOLO HOME RUN (Flyball, 7LD, EV 93.8 MPH), Distance : 341 ft
|
Batting: RHB Luis Hinostroza
|
0-0: Foul Ball, location: 2F 0-1: Swinging Strike 0-2: Ball 1-2: Ball 2-2: Strikes out swinging
|
Batting: SHB Josh Vaill
|
0-0: Fly out, F9 (Flyball, 9, EV 83.1 MPH)
|
Batting: SHB Darius Vinson
|
0-0: Ball 1-0: Ball 2-0: Foul Ball, location: 2F 2-1: Foul Ball, location: 2F 2-2: Ball 3-2: Base on Balls
|
Batting: LHB Santiago Chavira
|
0-0: Called Strike 0-1: Ball 1-1: Ball Wild Pitch! Darius Vinson to second 2-1: Ground out 4-3 (Groundball, 4, EV 85.6 MPH)
|
Top of the 6th over - 1 run, 1 hit, 0 errors, 1 left on base; Ogden 4 - Philadelphia (APP) 11 |
BOTTOM OF THE 6TH |
Philadelphia (APP) Phillies batting - Pitching for Ogden Raptors : RHP Charles Durand
|
Pitching: RHP Justin Donovan
|
|
Batting: LHB Danny Zuniga
|
0-0: Called Strike 0-1: Ball 1-1: Ball 2-1: Swinging Strike 2-2: Strikes out swinging
|
Batting: LHB Eric Farren
|
0-0: Ball 1-0: Called Strike 1-1: Foul Ball, location: 2F 1-2: Foul Ball, location: 2F 1-2: Ball 2-2: DOUBLE (Line Drive, 9LS, EV 101.9 MPH)
|
Batting: RHB Mark Schultz
|
0-0: Called Strike 0-1: SINGLE (Line Drive, 7LM, EV 93.8 MPH) Eric Farren to third Runner from 3rd tries for Home, SAFE, throw by LF to home
|
Batting: RHB Vaclav Been
|
0-0: Ball 1-0: Swinging Strike 1-1: Foul Ball, location: 2F 1-2: Ball 2-2: Foul Ball, location: 2F 2-2: Ball 3-2: Foul Ball, location: 2F 3-2: Foul Ball, location: 2F 3-2: Base on Balls Mark Schultz to second
|
Pitching: RHP Ramon Luna
|
|
Batting: LHB Josh George
|
0-0: Ball 1-0: Ball 2-0: Fielders Choice at 2nd, 1-6 (Groundball, 13, EV 68.8 MPH) Mark Schultz to third
|
Batting: LHB Jesse Haught
|
0-0: Ball 1-0: Ball 2-0: Ball 3-0: Base on Balls Josh George to second
|
Batting: LHB Matt Urbanek
|
0-0: Ground out 4-3 (Groundball, 4, EV 88.8 MPH)
|
Bottom of the 6th over - 1 run, 2 hits, 0 errors, 3 left on base; Ogden 4 - Philadelphia (APP) 12 |
TOP OF THE 7TH |
Ogden Raptors batting - Pitching for Philadelphia (APP) Phillies : RHP David LaBounty
|
Batting: LHB Mike Dickinson
|
0-0: Called Strike 0-1: Swinging Strike 0-2: Strikes out looking
|
Batting: LHB Mitchell Casey
|
0-0: Ball 1-0: SINGLE (Flyball, 5D, EV 88.8 MPH)
|
Pitching: RHP Tony Trevino
|
|
Batting: LHB Stephen Van Raalte
|
0-0: Ball 1-0: SINGLE (Groundball, 34D, EV 103.1 MPH) Mitchell Casey to second
|
Batting: RHB Kevin Ezell
|
0-0: Ball 1-0: Foul Ball, location: 2F 1-1: Swinging Strike 1-2: Ball 2-2: Ground out 5-3 (Groundball, 56S, EV 74.4 MPH) Mitchell Casey to third Stephen Van Raalte to second
|
Batting: RHB Bob Magana
|
0-0: Called Strike 0-1: Foul Ball, location: 2F 0-2: Ball 1-2: Ball 2-2: Ball 3-2: Base on Balls
|
Batting: RHB Luis Hinostroza
|
0-0: Ground out 1-3 (Groundball, 13S, EV 62.5 MPH)
|
Top of the 7th over - 0 runs, 2 hits, 0 errors, 3 left on base; Ogden 4 - Philadelphia (APP) 12 |
BOTTOM OF THE 7TH |
Philadelphia (APP) Phillies batting - Pitching for Ogden Raptors : RHP Ramon Luna
|
Batting: RHB Carlos Morejon
|
0-0: Swinging Strike 0-1: SOLO HOME RUN (Flyball, 7LD, EV 91.9 MPH), Distance : 333 ft
|
Batting: RHB Kyle Reilly
|
0-0: Ball 1-0: SINGLE (Groundball, 34D, EV 98.1 MPH)
|
Batting: LHB Danny Zuniga
|
0-0: Foul Ball, location: 2F 0-1: Ball 1-1: SINGLE (Line Drive, 9S, EV 106.3 MPH) Kyle Reilly to second
|
Batting: LHB Eric Farren
|
0-0: Fly out, F9 (Flyball, 9LS, EV 83.8 MPH)
|
Batting: RHB Mark Schultz
|
0-0: Ball 1-0: Swinging Strike 1-1: Foul Ball, location: 2F 1-2: Ball 2-2: Foul Ball, location: 2F 2-2: Ball 3-2: Foul Ball, location: 2F 3-2: Foul Ball, location: 2F 3-2: Base on Balls Kyle Reilly to third Danny Zuniga to second
|
Batting: RHB Vaclav Been
|
0-0: Ball 1-0: SINGLE (Line Drive, 8RS, EV 111.9 MPH) Kyle Reilly scores Danny Zuniga to third Mark Schultz to second
|
Pitching: RHP Matt Alderson
|
|
Batting: LHB Josh George
|
0-0: Called Strike 0-1: Ball 1-1: Swinging Strike Passed Ball! Danny Zuniga scores Mark Schultz to third Vaclav Been to second 1-2: Foul Ball, location: 2F 1-2: Foul Ball, location: 2F 1-2: Ball 2-2: Ball 3-2: Base on Balls
|
Batting: LHB Jesse Haught
|
0-0: Foul Ball, location: 2F 0-1: GRAND SLAM HOME RUN (Flyball, 9LD, EV 95.0 MPH), Distance : 345 ft
|
Batting: LHB Matt Urbanek
|
0-0: Ball 1-0: Ball 2-0: Ball 3-0: Called Strike 3-1: SINGLE (Line Drive, 34D, EV 97.5 MPH)
|
Batting: RHB Carlos Morejon
|
0-0: Swinging Strike 0-1: Swinging Strike 0-2: Strikes out swinging
|
Batting: RHB Kyle Reilly
|
0-0: Called Strike 0-1: Called Strike 0-2: Ball 1-2: Foul Ball, location: 2F 1-2: Foul Ball, location: 2F 1-2: Fly out, F3 (Line Drive, 3, EV 75.0 MPH)
|
Bottom of the 7th over - 7 runs, 6 hits, 0 errors, 1 left on base; Ogden 4 - Philadelphia (APP) 19 |
TOP OF THE 8TH |
Ogden Raptors batting - Pitching for Philadelphia (APP) Phillies : RHP Tony Trevino
|
Pinch Hitting: RHB Gary Ming
|
0-0: SINGLE (Groundball, 4S, EV 71.9 MPH) (infield hit)
|
Batting: SHB Darius Vinson
|
0-0: Called Strike 0-1: Ball 1-1: Swinging Strike 1-2: Ball 2-2: Foul Ball, location: 2F 2-2: Ball 3-2: SINGLE (Line Drive, 4D, EV 100.6 MPH) Gary Ming to second
|
Batting: LHB Santiago Chavira
|
0-0: Ball 1-0: Ball 2-0: SINGLE (Groundball, 56D, EV 100.0 MPH) Gary Ming to third Darius Vinson to second
|
Pitching: LHP Ignacio Amaya
|
|
Batting: LHB Mike Dickinson
|
0-0: Called Strike 0-1: Ball 1-1: Fielders Choice at 2nd, 4-6 (Groundball, 4, EV 83.1 MPH) Gary Ming scores Darius Vinson to third
|
Batting: LHB Mitchell Casey
|
0-0: Called Strike 0-1: Foul Ball, location: 2F 0-2: Strikes out swinging
|
Batting: LHB Stephen Van Raalte
|
0-0: Swinging Strike 0-1: Foul Ball, location: 2F 0-2: Ball 1-2: Foul Ball, location: 2F 1-2: Ball 2-2: Strikes out swinging
|
Top of the 8th over - 1 run, 3 hits, 0 errors, 2 left on base; Ogden 5 - Philadelphia (APP) 19 |
BOTTOM OF THE 8TH |
Philadelphia (APP) Phillies batting - Pitching for Ogden Raptors : RHP Matt Alderson
|
Now at 2B: Gary Ming
|
|
Now at 3B: Luis Hinostroza
|
|
Batting: LHB Danny Zuniga
|
0-0: Ball 1-0: Ball 2-0: Called Strike 2-1: Called Strike 2-2: Foul Ball, location: 2F 2-2: Foul Ball, location: 2F 2-2: Ball 3-2: Base on Balls
|
Batting: LHB Eric Farren
|
0-0: Called Strike 0-1: Foul Ball, location: 2F 0-2: SINGLE (Groundball, 4MD, EV 95.6 MPH) Danny Zuniga to second
|
Batting: RHB Mark Schultz
|
0-0: SINGLE (Line Drive, 4M, EV 106.3 MPH) Danny Zuniga to third Eric Farren to second
|
Batting: RHB Vaclav Been
|
0-0: GRAND SLAM HOME RUN (Flyball, 7D, EV 100.6 MPH), Distance : 358 ft
|
Pitching: LHP Tore Bosch
|
|
Batting: LHB Josh George
|
0-0: Called Strike 0-1: Ball 1-1: Ball 2-1: Swinging Strike 2-2: Strikes out looking
|
Batting: LHB Jesse Haught
|
0-0: Ball 1-0: Called Strike 1-1: Ball 2-1: Foul Ball, location: 2F 2-2: Foul Ball, location: 2F 2-2: Ball 3-2: Base on Balls
|
Batting: LHB Matt Urbanek
|
0-0: Foul Ball, location: 2F 0-1: Ball 1-1: Ball Wild Pitch! Jesse Haught to second 2-1: SINGLE (Line Drive, 34D, EV 103.8 MPH) Jesse Haught to third Runner from 3rd tries for Home, SAFE, throw by RF to home
|
Batting: RHB Carlos Morejon
|
0-0: Called Strike Balk! Matt Urbanek to second 0-1: Ball 1-1: Foul Ball, location: 2F 1-2: SINGLE (Flyball, 4D, EV 90.6 MPH) Matt Urbanek to third
|
Batting: RHB Kyle Reilly
|
0-0: Fly out, F7 (Flyball, 7S, EV 96.9 MPH)
|
Batting: LHB Danny Zuniga
|
0-0: SINGLE (Groundball, 4MD, EV 97.5 MPH) Matt Urbanek scores Carlos Morejon to second
|
Batting: LHB Eric Farren
|
0-0: Called Strike 0-1: Ball 1-1: Ball 2-1: Ball 3-1: Fly out, F9 (Line Drive, 9, EV 104.4 MPH)
|
Bottom of the 8th over - 6 runs, 6 hits, 0 errors, 2 left on base; Ogden 5 - Philadelphia (APP) 25 |
TOP OF THE 9TH |
Ogden Raptors batting - Pitching for Philadelphia (APP) Phillies : LHP Ignacio Amaya
|
Batting: RHB Kevin Ezell
|
0-0: Ball 1-0: Fly out, F8 (Flyball, 8LM, EV 91.3 MPH)
|
Batting: RHB Bob Magana
|
0-0: Called Strike 0-1: Ball 1-1: Foul Ball, location: 2F 1-2: Ball 2-2: Foul Ball, location: 2F 2-2: Ball 3-2: Base on Balls
|
Pitching: RHP Georgs Felitti
|
|
Batting: RHB Luis Hinostroza
|
0-0: Ball 1-0: Called Strike 1-1: Fly out, F3 (Popup, 3F, EV 63.1 MPH)
|
Batting: RHB Gary Ming
|
0-0: Called Strike 0-1: Ball 1-1: Ball 2-1: Ball 3-1: Base on Balls Bob Magana to second
|
Batting: SHB Darius Vinson
|
0-0: Ball 1-0: Ground out 3-1 (Groundball, 34S, EV 82.5 MPH)
|
Top of the 9th over - 0 runs, 0 hits, 0 errors, 2 left on base; Ogden 5 - Philadelphia (APP) 25 |
|